 Dungeon Crawl Stone Soup version 0.22-a0-422-g9628fc8 (console) character file.

22948 Terrapin the Geomancer (level 13, 0/81 HPs)
             Began as a Gargoyle Earth Elementalist on May 22, 2018.
             Was an Elder of Vehumet.
             Slain by a skeletal warrior
             ... wielding a +2 eveningstar of flaming
              (4 damage)
             ... in a volcano on May 23, 2018.
             The game lasted 00:57:07 (17594 turns).

Terrapin the Geomancer (GrEE)                      Turns: 17594, Time: 00:57:08

Health: 0/81       AC: 17    Str: 11    XL:     13   Next: 3%
Magic:  10/17      EV: 15    Int: 22    God:    Vehumet [****..]
Gold:   574        SH:  0    Dex: 10    Spells: 5/18 levels left

rFire    + . .     SeeInvis .   b - +5 morningstar (flame)
rCold    . . .     Gourm    .   (no shield)
rNeg     + . .     Faith    .   R - +0 troll leather armour
rPois    ∞         Spirit   .   S - +0 helmet
rElec    +         Reflect  .   (no cloak)
rCorr    .         Harm     .   F - +0 pair of gloves
MR       .....                  T - +0 pair of boots
Stlth    ++........             e - amulet of the acrobat
HPRegen  0.63/turn              (no ring)
MPRegen  0.15/turn              Y - ring of protection from fire

@: no status effects
A: negative energy resistance 1, electricity resistance, unbreathing,
petrification resistance, rot immunity, AC +9
a: Renounce Religion


You were in a volcano.
You worshipped Vehumet.
Vehumet was greatly pleased with you.
You were very hungry.

You visited 2 branches of the dungeon, and saw 13 of its levels.
You also visited: Volcano.

You collected 733 gold pieces.
You spent 159 gold pieces at shops.

Inventory:

Hand Weapons
 a - a +2 flail of freezing
 b - a +5 morningstar of flaming (weapon)
 w - the +6 hunting sling "Cehuhak" {venom, rF+ rN+ Str-2 Stlth+}
   (You found it on level 6 of the Dungeon)

   It poisons the ammo it fires.
   It affects your strength (-2).
   It protects you from fire.
   It protects you from negative energy.
   It makes you more stealthy.
Missiles
 n - 92 sling bullets
 C - 239 stones (quivered)
 E - 5 throwing nets {!f}
 K - 2 poisoned javelins
 N - 5 tomahawks of returning
Armour
 l - a +4 chain mail of fire resistance
 D - a +2 robe of magic resistance
 F - a +0 pair of gloves (worn)
 R - a +0 troll leather armour (worn)
 S - a +0 helmet (worn)
 T - a +0 pair of boots (worn)
Magical Staves
 H - an uncursed staff of power
 I - an uncursed staff of fire
Jewellery
 e - an amulet of the acrobat (around neck)
 v - an uncursed ring of resist corrosion
 z - an uncursed ring of positive energy
 U - an uncursed ring of ice
 Y - a ring of protection from fire (right hand)
Wands
 f - a wand of random effects (22)
 t - a wand of digging (11)
 x - a wand of paralysis (19)
 A - a wand of acid (8)
 G - a wand of iceblast (7)
 J - a wand of flame (45)
 P - a wand of polymorph (13)
Scrolls
 h - 3 scrolls of identify
 j - 2 scrolls of teleportation
 o - 4 scrolls of enchant armour
 y - 3 scrolls of remove curse
 M - 2 scrolls of blinking
Potions
 c - 2 potions of flight
 g - 3 potions of haste
 i - 2 potions of agility
 k - 3 potions of curing
 m - a potion of might
 p - 2 potions of heal wounds
 q - 2 potions of cancellation
 r - 3 potions of magic
 u - 2 potions of resistance
 B - a potion of mutation
Comestibles
 d - 14 rations


   Skills:
 + Level 9.7 Fighting
 + Level 6.3 Maces & Flails
 + Level 4.3 Armour
 - Level 8.0 Dodging
 - Level 2.1 Stealth
 + Level 3.3 Spellcasting
 + Level 10.8 Conjurations
 - Level 3.0 Transmutations
 + Level 13.2 Earth Magic


You had 5 spell levels left.
You knew the following spells:

 Your Spells              Type           Power        Failure   Level  Hunger
a - Sandblast             Erth           ######       1%          1    None
b - Stone Arrow           Conj/Erth      ######       1%          3    ###....
c - Lee's Rapid Deconstr  Erth           ######....   1%          5    ######.
d - Petrify               Tmut/Erth      #####...     5%          4    ####...

Your spell library contained the following spells:

 Spells                   Type           Power        Failure   Level  Hunger
 Passwall                 Tmut/Erth      #####.....   1%          2    ##.....


Dungeon Overview and Level Annotations

Branches:
Dungeon (11/15)            Temple (0/1) D:6            Lair (2/6) D:11
 Spider (0/4) Lair:2          Orc (0/2) D:9
  Swamp: Lair:2-4    Shoals: Lair:2-4

Altars:
Ashenzari
Cheibriados
Elyvilon
Gozag
Makhleb
Nemelex Xobeh
Okawaru
Sif Muna
Vehumet
Wu Jian
Yredelemnul
Zin
Beogh

Shops:
D:10 *   D:11 ((

Annotations:
D:11 exclusion: orange crystal statue


Innate Abilities, Weirdness & Mutations

You are resistant to torment.
Your stone body is resilient. (AC +9)
You are immune to poison.
You resist negative energy. (rN+)
You are resistant to electric shocks. (rElec)
You can survive without breathing.
You are immune to petrification.
You are immune to rotting.


Message History

Evoke which item? (* to show all) (? for menu, Esc to quit)
Aiming: Corrosive Bolt
Press: ? - help, Shift-Dir - straight line, f/p - skeletal warrior
Aim: a skeletal warrior, wielding an eveningstar of flaming and wearing a leather armour of fire resistance (lightly damaged)
The bolt of acid misses the skeletal warrior.
The skeletal warrior hits you with an eveningstar of flaming!!
* * * LOW HITPOINT WARNING * * *
The skeletal warrior burns you.
* * * LOW HITPOINT WARNING * * *
Evoke which item? (* to show all) (? for menu, Esc to quit)
Aiming: Corrosive Bolt
Press: ? - help, Shift-Dir - straight line, f/p - skeletal warrior
Aim: a skeletal warrior, wielding an eveningstar of flaming and wearing a leather armour of fire resistance (lightly damaged)
The bolt of acid hits the skeletal warrior.
The skeletal warrior is splashed with acid.
The skeletal warrior is heavily damaged.
The skeletal warrior hits you with an eveningstar of flaming!!
* * * LOW HITPOINT WARNING * * *
The skeletal warrior burns you.
You die...

###.. ##...# ##### ####.....
#...# ##........ ###.∩.##
###.........
..#####......########......)..§§
...............##..).§.....≈≈≈≈≈
.#####.#..#.###.§.....§§≈≈≈≈≈§≈
#......'z@.....§≈≈≈§≈≈§≈≈≈
...#####.#..#.###.≈.....§§≈≈≈≈≈§≈
................##.....§§§≈≈≈≈≈≈≈
...#####......######.§≈§≈§≈≈≈≈§≈≈
##.##.## ##≈§§§≈≈≈≈≈≈≈§ #.##.#
##§§≈≈≈≈≈≈≈≈≈ #.##.# ##§≈≈≈§≈≈≈8
..##.. ##≈≈§≈ .##..


You could see a skeletal warrior.

Vanquished Creatures
  Fannar (Lair:1)
  2 hydras
  A two-headed ogre (D:11)
  A skeletal warrior (Volcano)
  Pikel (D:4)
  The ghost of Falco the Slasher, a novice BaSk (D:6)
  An anaconda skeleton (Volcano)
  A black mamba (Lair:1)
  An ice statue (D:11)
  An elephant (D:11)
  4 molten gargoyles (D:11)
  Joseph (D:7)
  4 gargoyles (Volcano)
  2 komodo dragons
  A merfolk (D:10)
  2 trolls (D:10)
  A polar bear (Lair:1)
  3 hippogriffs
  3 harpy skeletons (Volcano)
  4 blink frogs
  3 flying skulls (Volcano)
  A wraith (D:11)
  3 alligator skeletons (Volcano)
  2 basilisks (D:11)
  13 yaks
  Eustachio (D:6)
  3 wyverns
  4 hungry ghosts
  A water moccasin (Lair:2)
  2 sky beasts
  5 orc warriors
  4 porcupines
  A slave (D:3)
  5 ogres
  8 centaurs
  7 crocodiles
  2 big kobolds (D:11)
  11 bullfrogs
  6 scorpions
  14 killer bees
  2 troll skeletons (Volcano)
  2 spriggan skeletons (Volcano)
  12 wights
  11 howler monkeys
  5 crimson imps
  A centaur zombie (D:6)
  A bullfrog zombie (D:8)
  A jelly (D:6)
  12 orc wizards
  2 bullfrog skeletons
  4 centaur skeletons
  5 orc priests
  6 hounds
  An iron imp (D:8)
  3 iguanas
  7 worker ants
  A hound zombie (D:6)
  A hound skeleton (D:6)
  A worker ant zombie (D:10)
  7 gnolls
  11 adders
  2 shadow imps
  An ooze (D:2)
  An adder skeleton (D:4)
  An adder zombie (D:9)
  3 worms
  3 dart slugs
  4 leopard geckos
  35 orcs
  3 ball pythons
  7 bats
  5 giant cockroaches
  18 goblins
  9 hobgoblins
  5 jackals
  16 kobolds
  3 quokkas
  8 frilled lizards
  A jackal skeleton (D:7)
  A leopard gecko zombie (D:4)
  A quokka zombie (D:8)
  8 rats
363 creatures vanquished.

Vanquished Creatures (others)
  An adder (D:4)
  3 fungi (D:11)
  A plant (D:11)
5 creatures vanquished.

Grand Total: 368 creatures vanquished

Notes
Turn   | Place    | Note
-------+----------+-------------------------------------------
     0 | D:1      | Terrapin the Gargoyle Earth Elementalist began the quest for the Orb.
     0 | D:1      | Reached XP level 1. HP: 10/10 MP: 3/3
   173 | D:1      | Reached skill level 4 in Earth Magic
   190 | D:1      | Reached XP level 2. HP: 13/15 MP: 5/5
   824 | D:1      | Reached XP level 3. HP: 12/19 MP: 6/6
  1761 | D:2      | Reached skill level 5 in Earth Magic
  1778 | D:2      | Learned a level 3 spell: Stone Arrow
  2302 | D:2      | Reached skill level 1 in Conjurations
  2302 | D:2      | Reached XP level 4. HP: 9/24 MP: 2/7
  3062 | D:2      | Reached XP level 5. HP: 19/28 MP: 3/8
  4077 | D:3      | Found a sparkling altar of Nemelex Xobeh.
  4077 | D:3      | Found an ornate altar of the Wu Jian Council.
  4116 | D:3      | Reached skill level 6 in Earth Magic
  4146 | D:3      | Reached XP level 6. HP: 29/32 MP: 5/9
  5413 | D:4      | Noticed Pikel
  5413 | D:4      | Noticed a slave
  5413 | D:4      | Noticed a slave
  5413 | D:4      | Noticed a slave
  5484 | D:3      | Killed a slave
  5570 | D:4      | Killed Pikel
  5570 | D:4      | Reached skill level 7 in Earth Magic
  5570 | D:4      | Reached XP level 7. HP: 36/36 MP: 3/10
  5642 | D:4      | Reached skill level 8 in Earth Magic
  5798 | D:4      | Reached XP level 8. HP: 18/41 MP: 6/11
  6090 | D:4      | Learned a level 5 spell: Lee's Rapid Deconstruction
  6502 | D:5      | Entered Level 5 of the Dungeon
  6599 | D:4      | Reached skill level 1 in Fighting
  6996 | D:5      | Found a radiant altar of Vehumet.
  6997 | D:5      | Found a burning altar of Makhleb.
  7030 | D:5      | Became a worshipper of Vehumet
  7150 | D:6      | Reached skill level 5 in Conjurations
  7354 | D:6      | Reached skill level 9 in Earth Magic
  7364 | D:6      | Noticed Falco's ghost (novice BaSk)
  7471 | D:6      | Killed Falco's ghost
  7471 | D:6      | Reached XP level 9. HP: 31/50 MP: 1/13
  7580 | D:6      | Got a transparent hunting sling
  7627 | D:6      | Noticed Eustachio
  7915 | D:6      | Killed Eustachio
  7958 | D:6      | Found a staircase to the Ecumenical Temple.
  7996 | D:6      | Reached skill level 5 in Dodging
  8106 | D:7      | Identified the +6 hunting sling "Cehuhak" {venom, rF+ rN+ Str-2 Stlth+} (You found it on level 6 of the Dungeon)
  8183 | D:7      | Reached * piety under Vehumet
  8183 | D:7      | Offered knowledge of Flame Tongue by Vehumet.
  8801 | D:7      | Reached skill level 10 in Earth Magic
  9205 | D:7      | Noticed Joseph
  9363 | D:7      | Reached skill level 5 in Fighting
  9588 | D:7      | Killed Joseph
  9588 | D:7      | Reached XP level 10. HP: 19/59 MP: 0/14
 10006 | D:7      | Found an iron altar of Okawaru.
 10196 | D:8      | Found a white marble altar of Elyvilon.
 10472 | D:8      | Learned a level 4 spell: Petrify
 10728 | D:8      | Reached skill level 1 in Transmutations
 10798 | D:8      | Reached ** piety under Vehumet
 10798 | D:8      | Offered knowledge of Searing Ray by Vehumet.
 11113 | D:8      | Found a deep blue altar of Sif Muna.
 11213 | D:8      | Found a snail-covered altar of Cheibriados.
 11461 | D:9      | Found a shattered altar of Ashenzari.
 11462 | D:9      | Found an opulent altar of Gozag.
 11464 | D:9      | Found a basalt altar of Yredelemnul.
 11493 | D:9      | Found a staircase to the Orcish Mines.
 11642 | D:9      | Found a roughly hewn altar of Beogh.
 11674 | D:8      | Reached skill level 11 in Earth Magic
 12130 | D:9      | Offered knowledge of Static Discharge by Vehumet.
 12572 | D:9      | Found a glowing silver altar of Zin.
 12614 | D:10     | Entered Level 10 of the Dungeon
 12659 | D:10     | Reached *** piety under Vehumet
 12892 | D:10     | Reached XP level 11. HP: 66/66 MP: 11/15
 12895 | D:10     | Reached skill level 1 in Maces & Flails
 13138 | D:10     | Found Zeqero's Assorted Antiques.
 13154 | D:10     | Offered knowledge of Mephitic Cloud by Vehumet.
 13176 | D:10     | Bought a garnet ring for 135 gold pieces
 13176 | D:10     | Bought a red potion for 24 gold pieces
 13459 | D:11     | Noticed a two-headed ogre
 13473 | D:11     | Killed a two-headed ogre
 13697 | D:11     | Reached **** piety under Vehumet
 13810 | D:11     | Found Jujuos's Antique Weapon Shop.
 13915 | D:11     | Offered knowledge of Force Lance by Vehumet.
 14185 | D:11     | Reached skill level 12 in Earth Magic
 14283 | D:11     | Found Socw's Weapon Boutique.
 14471 | D:11     | Found a staircase to the Lair.
 15060 | D:11     | Reached XP level 12. HP: 75/75 MP: 9/16
 15209 | Lair:1   | Entered Level 1 of the Lair of Beasts
 15683 | Lair:1   | Reached skill level 10 in Conjurations
 15760 | Lair:1   | Noticed a five-headed hydra
 15788 | Lair:1   | Killed a five-headed hydra
 15788 | Lair:1   | Reached skill level 1 in Armour
 15822 | Lair:1   | Reached skill level 5 in Maces & Flails
 15915 | Lair:1   | Noticed Fannar
 16048 | Lair:1   | Killed Fannar
 16487 | Lair:2   | Noticed a six-headed hydra
 16496 | Lair:2   | Killed a six-headed hydra
 16510 | Lair:2   | Found a dark tunnel.
 16521 | Lair:2   | Got a distressingly furry leather armour
 16532 | Lair:2   | Identified the cursed +0 leather armour of Amelioration {+Inv MP-9 Stlth+} (You found it on level 2 of the Lair of Beasts)
 16606 | Volcano  | Entered a volcano
 16767 | Volcano  | Reached skill level 13 in Earth Magic
 17127 | Volcano  | Reached XP level 13. HP: 56/81 MP: 7/17
 17594 | Volcano  | HP: 4/81 [skeletal warrior/eveningstar of flaming (19)]
 17594 | Volcano  | Slain by a skeletal warrior

Vault maps used:
D:1:      ncdulo_wetmaze
D:3:      chequers_temple_overflow_statue_of_worship
D:4:      first_ration, minmay_parallelograms, uniq_pikel
D:5:      grunt_temple_overflow_lords_of_destruction
D:6:      minmay_temple_entry_junction, uniq_eustachio
D:7:      kennysheep_little_box, uniq_joseph
D:8:      kennysheep_mini, led_sif_pool, slow_altar_2
D:9:      minitemple, zin_treasury, minmay_orc_entry_temple_small
D:10:     hangedman_fish_farm, kennysheep_windowed_goal
D:11:     minmay_separated_statues, david_lair_generic, serial_shops, shop,
          shop, minivault_8
Lair:1:   uniq_fannar
Lair:2:   spider_nest_entry_funnel_web, enter_volcano_1,
          minmay_lair_oklob_chamber, grunt_megastairs_5
Volcano:  volcano_tomb

Skill      XL: |  1  2  3  4  5  6  7  8  9 10 11 12 |
---------------+-------------------------------------+-----
Earth Magic    | 4 5 6 7 8 9 10 11 12 13 | 13.2
Dodging        | 2 3 4 5 6 7 8 |  8.0
Conjurations   | 1 2 4 5 7 8 9 10 | 10.8
Fighting       | 3 5 6 8 9 |  9.7
Spellcasting   | 3 |  3.3
Transmutations | 2 3 |  3.0
Maces & Flails | 4 6 |  6.3
Armour         | 4 |  4.3
Stealth        | |  2.1

Action                   |  1- 3 |  4- 6 |  7- 9 | 10-12 | 13-15 || total
-------------------------+-------+-------+-------+-------+-------++-------
Melee: Dagger            |   217 |    48 |       |       |       ||   265
       Unarmed           |     8 |       |       |       |       ||     8
       Short sword       |       |   189 |       |       |       ||   189
       Whip              |       |       |   399 |   764 |       ||  1163
       Flail             |       |       |       |   100 |    30 ||   130
       Morningstar       |       |       |       |       |     7 ||     7
 Cast: Sandblast         |     9 |    23 |    24 |    16 |     4 ||    76
       Stone Arrow       |       |    13 |    55 |   214 |    22 ||   304
       Lee's Rapid Decon |       |       |     2 |    23 |       ||    25
       Petrify           |       |       |       |     3 |       ||     3
Evoke: Wand              |       |       |       |       |     4 ||     4
  Use: Scroll            |       |       |     9 |    19 |       ||    28
 Stab: Sleeping          |     3 |     6 |     2 |     2 |       ||    13
       Distracted        |       |       |       |     1 |       ||     1
       Petrifying        |       |       |       |     1 |       ||     1
  Eat: Chunk             |     5 |    11 |    17 |    41 |       ||    74
       Ration            |       |       |     1 |     4 |     1 ||     6
Armor: Robe              |    62 |    65 |   161 |   142 |       ||   430
       Troll leather arm |       |       |       |   244 |    22 ||   266
Dodge: Dodged            |   127 |   114 |   305 |   684 |    32 ||  1262

Table legend:
 A = Spawn XP
 B = Non-spawn XP
 C = Spawn XP percentage of total XP
 D = Spawn monster count
 E = Non-spawn monster count
 F = Spawn count percentage of total count
 G = Total turns spent on level
                    A         B        C        D         E        F      G
               +---------+---------+-------+---------+---------+-------+---------
         Total |       0 |   32784 |   0.0 |       0 |     362 |   0.0 | 17594
               +---------+---------+-------+---------+---------+-------+---------
           D:1 |       0 |      60 |   0.0 |       0 |      33 |   0.0 |  1717
           D:2 |       0 |     154 |   0.0 |       0 |      29 |   0.0 |  2197
           D:3 |       0 |     208 |   0.0 |       0 |      29 |   0.0 |  1588
           D:4 |       0 |     987 |   0.0 |       0 |      18 |   0.0 |  1118
           D:5 |       0 |     156 |   0.0 |       0 |       4 |   0.0 |   486
           D:6 |       0 |    1464 |   0.0 |       0 |      23 |   0.0 |  1623
           D:7 |       0 |    1817 |   0.0 |       0 |      35 |   0.0 |  1335
           D:8 |       0 |    1890 |   0.0 |       0 |      30 |   0.0 |  1334
           D:9 |       0 |    1665 |   0.0 |       0 |      33 |   0.0 |  1216
          D:10 |       0 |    3284 |   0.0 |       0 |      26 |   0.0 |   914
          D:11 |       0 |    8365 |   0.0 |       0 |      56 |   0.0 |  1959
        Lair:1 |       0 |    4428 |   0.0 |       0 |      15 |   0.0 |   886
        Lair:2 |       0 |    3154 |   0.0 |       0 |      12 |   0.0 |   233
       Volcano |       0 |    5152 |   0.0 |       0 |      19 |   0.0 |   988
               +---------+---------+-------+---------+---------+-------+---------
